 Dungeon Crawl Stone Soup version 0.28.0-45-g0d030f2227 (webtiles) character file.

Game seed: 6321309898077145081

30 Kangaroobicon the Skirmisher (level 3, 0/33 HPs)
             Began as a Hill Orc Fighter on Apr 9, 2022.
             Succumbed to an adder's poison
             ... on level 2 of the Dungeon.
             The game lasted 00:08:35 (1051 turns).

Kangaroobicon the Skirmisher (Hill Orc Fighter)     Turns: 1051, Time: 00:08:36

Health: 0/33       AC:  9    Str: 18    XL:     3   Next: 20%
Magic:  21/21      EV:  6    Int:  8    God:
Gold:   64         SH:  4    Dex: 12    Spells: 2/2 levels left

rFire   . . .      SeeInvis .   a - +0 war axe
rCold   . . .      Faith    .   c - +0 buckler
rNeg    . . .      Spirit   .   i - +0 chain mail
rPois   .          Reflect  .   (no helmet)
rElec   .          Harm     .   (no cloak)
rCorr   .          Rampage  .   (no gloves)
Will    .....                   (no boots)
Stlth   ..........              (no amulet)
HPRegen 0.11/turn               m - ring of magical power
MPRegen 0.17/turn               n - ring of magical power

@: lethally poisoned (0 -> -4)
A: no striking features
a: no special abilities


You were on level 2 of the Dungeon.
You visited 1 branch of the dungeon, and saw 2 of its levels.

You collected 64 gold pieces.

Inventory:

Hand Weapons
 a - a +0 war axe (weapon)
 k - a +2 dagger of distortion
Missiles
 g - 9 stones (quivered)
 l - 28 bolts
Armour
 c - a +0 buckler (worn)
 i - a +0 chain mail (worn)
Jewellery
 m - a ring of magical power (left hand)
 n - a ring of magical power (right hand)
Scrolls
 b - 2 scrolls of identify {unknown}
 e - 2 scrolls of teleportation {unknown}
 h - a scroll of blinking {unknown}
 j - a scroll of magic mapping {unknown}
Potions
 d - a potion of might
 f - a potion of haste {unknown}


   Skills:
 + Level 4.0 Fighting
 + Level 3.1 Axes
 + Level 3.8 Armour
 + Level 3.7 Shields


You had 2 spell levels left.
You didn't know any spells.
Your spell library contained the following spells:

 Spells                   Type           Power      Damage    Failure   Level
 Freeze                   Ice            0%         1d3       100%        1
 Ensorcelled Hibernation  Hex/Ice        0%         N/A       100%        2
 Hailstorm                Conj/Ice       0%         3d3       100%        4


Dungeon Overview and Level Annotations

Branches:
Dungeon (2/15)

Altars:


Message History

You are no longer poisoned.
The adder bites you but does no damage. You block the adder's attack.
You miss the adder.
The adder is almost dead.
The adder bites you. The adder barely misses you.
You closely miss the adder.
The adder is almost dead.
The adder bites you. The adder closely misses you.
You miss the adder.
The adder is almost dead.
The adder bites you.
* * * LOW HITPOINT WARNING * * *
You block the adder's attack.
You miss the adder.
The adder is almost dead.
You block the adder's attack.
You barely miss the adder.
The adder is almost dead.
The adder barely misses you. x2
You closely miss the adder.
The adder is almost dead.
The adder bites you but does no damage. You block the adder's attack.
You closely miss the adder.
The adder is almost dead.
The adder bites you but does no damage. The adder bites you.
* * * LOW HITPOINT WARNING * * *
You miss the adder.
The adder is almost dead.
The adder bites you.
* * * LOW HITPOINT WARNING * * *
You are lethally poisoned!
The adder poisons you! The adder closely misses you.
You miss the adder.
The adder is almost dead.
* * * LOW HITPOINT WARNING * * *
You feel very sick.
The adder bites you but does no damage. x2
You hit the adder.
You kill the adder!
You die...

...#..##..##.......# #
####.#..##..##.......#
#
............##.......#
#
........#.#..........#
#
......#..####.......#
# ##..###.# #.......#
# ..#....# #.......# #
# ##.### #########
#.@.############
##.###.........####
... #####.#.......
##.## #.#.#.#### ...
#...#.# #.# #.###.#
... #.....# #.#
#######


There were no monsters in sight!

Vanquished Creatures
  An adder (D:2)
  A dart slug (D:1)
  A ball python (D:1)
  3 endoplasms (D:1)
  A giant cockroach (D:1)
  3 goblins (D:1)
  4 hobgoblins (D:1)
  4 kobolds (D:1)
  A quokka (D:1)
  4 bats (D:1)
  2 frilled lizards (D:1)
25 creatures vanquished.

Notes
Turn   | Place    | Note
-------+----------+-------------------------------------------
     0 | D:1      | Kangaroobicon the Hill Orc Fighter began the quest for the
                  | Orb.
     0 | D:1      | Reached XP level 1. HP: 19/19 MP: 1/1
    86 | D:1      | Reached XP level 2. HP: 19/27 MP: 2/2
   671 | D:1      | Reached XP level 3. HP: 33/33 MP: 3/3
   698 | D:1      | Got Mugeoxo's Catalogue of the Frostbite
   787 | D:1      | Reached skill level 4 in Fighting
  1050 | D:2      | HP: 1/33 [poisoned by an adder]
  1051 | D:2      | Succumbed to an adder's poison

Illustrated notes

Levels and vault maps discovered:
D:1:      dpeg_arrival_refuge, layout_basic, minmay_misc_feat_x
D:2:      layout_loops_cross, minmay_misc_feat_hallway, uniq_crazy_yiuf_cottage

Skill      XL: |  1  2  3 |
---------------+----------+-----
Axes           | 3 |  3.1
Fighting       | 4 |  4.0
Armour         | |  3.8
Shields        | |  3.7

Action                   || total
-------------------------++-------
Melee: War axe           ||    76
Armor: Scale mail        ||     7
       Chain mail        ||    38
Dodge: Dodged            ||    32
Block: Buckler           ||    13
